 Dungeon Crawl Stone Soup version 0.20.1-1-g8b1a95d (webtiles) character file.

103 polve the Gusty (level 4, -1/24 HPs)
             Began as a Tengu Air Elementalist on July 9, 2017.
             Was an Initiate of Dithmenos.
             Slain by an orc
             ... wielding a +0 club
              (4 damage)
             ... on level 2 of the Dungeon.
             The game lasted 00:03:35 (2869 turns).

polve the Gusty (Tengu Air Elementalist)            Turns: 2869, Time: 00:03:35

Health: -1/24      AC:  4    Str:  8    XL:     4   Next: 79%
Magic:  2/8        EV: 12    Int: 17    God:    Dithmenos [......]
Gold:   120        SH:  4    Dex: 14    Spells: 1/7 levels left

rFire    . . .     SeeInvis .   l - +0 long sword
rCold    . . .     Gourm    .   m - +0 buckler
rNeg     + . .     Faith    .   a - +0 robe
rPois    .         Spirit   .   (helmet restricted)
rElec    .         Reflect  .   (no cloak)
rCorr    .         Harm     .   (no gloves)
MR       .....                  (boots unavailable)
Stlth    ++........             (no amulet)
Regen    0.1/turn               i - ring of positive energy
MPRegen  0.2/turn               d - +2 ring of protection

@: lethally poisoned (-1 -> -3), very slightly contaminated
A: beak, talons 3
a: Renounce Religion


You were on level 2 of the Dungeon.
You worshipped Dithmenos.
Dithmenos was noncommittal.
You were not hungry.

You visited 1 branch of the dungeon, and saw 3 of its levels.

You collected 120 gold pieces.

Inventory:

Hand Weapons
 l - a +0 long sword (weapon)
Armour
 a - a +0 robe (worn)
 m - a +0 buckler (worn)
Jewellery
 d - a +2 ring of protection (right hand)
 i - a ring of positive energy (left hand)
Scrolls
 e - 3 scrolls of identify {unknown}
 g - 2 scrolls of immolation {unknown}
 h - a scroll of recharging {unknown}
 n - a scroll of remove curse {unknown}
 q - 2 scrolls of teleportation {unknown}
Potions
 j - 2 potions of resistance {unknown}
 k - a potion of heal wounds {unknown}
 o - a potion of invisibility {unknown}
 s - a potion of haste {unknown}
 u - a potion of curing {unknown}
 v - 2 potions of mutation {unknown}
 w - a potion of experience {unknown}
Books
 b - a book of Air

   Spells                             Type                      Level
   a - Shock                          Conjuration/Air              1
   b - Swiftness                      Charms/Air                   2
   c - Static Discharge               Conjuration/Air              3
   d - Airstrike                      Air                          4
   e - Lightning Bolt                 Conjuration/Air              5
Comestibles
 c - 2 bread rations
 f - 3 royal jellies
 p - a meat ration
 r - 2 fruits
 t - 3 chunks of flesh


   Skills:
 - Level 2.1 Dodging
 - Level 2.0 Stealth
 + Level 1.9 Shields
 - Level 2.0 Spellcasting
 + Level 3.6 Conjurations
 + Level 5.3 Air Magic


You had one spell level left.
You knew the following spells:

 Your Spells              Type           Power        Failure   Level  Hunger
a - Shock                 Conj/Air       ###.         3%          1    #......
b - Static Discharge      Conj/Air       ###.....     12%         3    ###....
s - Swiftness             Chrm/Air       ##......     12%         2    ###....


Dungeon Overview and Level Annotations

Branches:
Dungeon (3/15)

Altars:
Dithmenos
Elyvilon
Trog


Innate Abilities, Weirdness & Mutations

You have a beak for a mouth.
You have claws for feet.


Message History

You don't have enough magic to cast that spell.
The orc roars noisily.
You feel sick.
Okay, then.
Casting: Shock
Confirm with . or Enter, or press ? or * to list all spells.
Aiming: Shock
Press: ? - help, Shift-Dir - straight line That beam is likely to hit you.
Continue anyway?
Okay, then.
Casting: Shock
Confirm with . or Enter, or press ? or * to list all spells.
Aiming: Shock
Press: ? - help, Shift-Dir - straight line The zap hits the orc.
The orc is heavily wounded.
The zap hits the orc.
The orc is heavily wounded.
The orc hits you with a club.
You die...

.......# #...###)#.#...#.#..#
.......######...............#..#
..##............#(#.#.#.#.###..#
#.......######..#.#.#.#.#.###..#
#..#....######......#.#.#.#....#
..................[>#.#.#.#.#.##
#....#...######.###.#.#.#<#.#.#
#.#.#.........#.###.#.#.#.....#
#......#......#.@o..#.#.##..###
#.#....##############.#.##..#
#.#...........)..........#..#
#.........)##########.#.....#
###.##.##.....# #.##.##.#
......>.'.....##### #....#..#
###.)#.##.........# ######.## #
##.#..........#.# #.#
####............#.# #.#


You could see an orc.

Vanquished Creatures
  Jessica (D:2)
  3 adders
  3 worms (D:2)
  A leopard gecko (D:1)
  An orc (D:2)
  A giant cockroach (D:3)
  8 goblins
  3 hobgoblins
  4 bats
  2 frilled lizards
  9 kobolds
  7 rats
43 creatures vanquished.

Notes
Turn   | Place    | Note
-------+----------+-------------------------------------------
     0 | D:1      | polve the Tengu Air Elementalist began the quest for the Orb.
     0 | D:1      | Reached XP level 1. HP: 10/10 MP: 4/4
   208 | D:1      | Reached XP level 2. HP: 6/15 MP: 1/6
   915 | D:1      | Learned a level 2 spell: Swiftness
  1396 | D:2      | Found a white marble altar of Elyvilon.
  1401 | D:2      | Reached XP level 3. HP: 19/19 MP: 2/7
  1452 | D:2      | Found a shadowy altar of Dithmenos.
  1480 | D:2      | Became a worshipper of Dithmenos the Shadowed
  1597 | D:2      | Found a bloodstained altar of Trog.
  2040 | D:2      | Learned a level 3 spell: Static Discharge
  2101 | D:2      | Noticed Jessica
  2104 | D:2      | Killed Jessica
  2104 | D:2      | Reached skill level 1 in Shields
  2104 | D:2      | Reached skill level 5 in Air Magic
  2104 | D:2      | Reached XP level 4. HP: 24/24 MP: 3/8
  2869 | D:2      | Slain by an orc

Skill      XL: |  1  2  3 |
---------------+----------+-----
Conjurations   | 2 3 |  3.6
Shields        | 1 |  1.9
Air Magic      | 5 |  5.3
Dodging        | |  2.1
Stealth        | |  2.0
Spellcasting   | |  2.0

Action                   |  1- 3 |  4- 6 || total
-------------------------+-------+-------++-------
Melee: Unarmed           |     7 |       ||     7
       Kick              |     5 |     2 ||     7
       Whip              |    10 |       ||    10
       Peck              |     4 |       ||     4
       Long sword        |     8 |     6 ||    14
 Cast: Shock             |    83 |    26 ||   109
       Static Discharge  |       |     3 ||     3
 Stab: Sleeping          |     1 |       ||     1
  Eat: Chunk             |     5 |     3 ||     8
Armor: Robe              |    11 |     2 ||    13
Dodge: Dodged            |    15 |    14 ||    29
Block: Buckler           |     2 |     5 ||     7
       Rpst.: Long sword |       |     1 ||     1
